 Dungeon Crawl Stone Soup version 0.27-a0-808-g60bc5d92e6 (webtiles) character file.

Game seed: 11590360813391390070

10146 night the Fighter (level 11, -2/89 HPs)
             Began as a Djinni Earth Elementalist on Mar 27, 2021.
             Was a Priest of Cheibriados.
             Killed from afar by a salamander mystic (14 damage)
             ... with a lance of force
             ... in a volcano on Mar 28, 2021.
             The game lasted 00:33:06 (14430 turns).

night the Fighter (Djinni Earth Elementalist)      Turns: 14430, Time: 00:33:06

Health: -2/89      AC:  7    Str: 15 (16) XL:     11   Next: 57%
Gold:   663        EV: 10    Int: 33 (34) God:    Cheibriados [***...] SH:  0 Dex: 20 (21)

rFire    + + +     SeeInvis .   J - +1 long sword (elec)
rCold    x . .     Faith    .   (no shield)
rNeg     . . .     Spirit   .   z - +0 scale mail
rPois    ∞         Reflect  .   d - +0 helmet
rElec    .         Harm     .   (no cloak)
rCorr    .         Rampage  .   (no gloves)
Will     +....                  (boots unavailable)
Stlth    ..........             (no amulet)
HPRegen  0.24/turn              v - +6 ring of intelligence
MPRegen  0.00/turn              H - ring of protection from fire

@: confused, mighty, ambrosia-drunk, flying, hasted, slow
A: fire resistance 2, cold vulnerability 1, float, innate caster, hp casting,
extra vitality 1
a: Renounce Religion, Bend Time, Temporal Distortion


You were in a volcano.
You worshipped Cheibriados.
Cheibriados was most pleased with you.
You visited 3 branches of the dungeon, and saw 12 of its levels.
You also visited: Sewer and Volcano.

You collected 663 gold pieces.

Inventory:

Hand Weapons
 a - a +1 dagger of venom
 b - a +3 hunting sling of flaming
 y - a +3 flail of holy wrath
 J - a +1 long sword of electrocution (weapon)
Missiles
 e - 45 poisoned darts
 f - 6 javelins
 j - 40 bolts
 l - 77 arrows
 n - 364 stones
 s - a throwing net
 G - 5 atropa-tipped darts
Armour
 c - a +0 robe
 d - a +0 helmet (worn)
 z - a +0 scale mail (worn)
Jewellery
 m - a ring of positive energy
 p - the ring "Magij" {*Corrode rElec Will+ Int+3 Stlth+}
   (You found it on level 6 of the Dungeon)

   [ring of willpower]

   It affects your intelligence (+3).
   It insulates you from electricity.
   It affects your willpower, your defense against some magical effects.
   It may corrode you when you take damage.
   It makes you more stealthy.
 v - a +6 ring of intelligence (left hand)
 A - an amulet of faith
 H - a ring of protection from fire (right hand)
Wands
 x - a wand of acid (17)
 E - a wand of charming (10)
 K - a wand of iceblast (9)
Scrolls
 o - 5 scrolls of teleportation
 C - 3 scrolls of identify
 D - 2 scrolls of immolation
Potions
 h - a potion of heal wounds
 i - a potion of mutation {unknown}
 k - a potion of haste
 q - 3 potions of curing
 r - 3 potions of degeneration
 t - 2 potions of might
 u - 3 potions of brilliance {unknown}
 w - 3 potions of attraction {unknown}
 B - a potion of berserk rage {unknown}
 I - a potion of invisibility


   Skills:
 * Level 11.9 Fighting
 - Level 2.1 Dodging
 - Level 1.5 Stealth
 * Level 10.6 Spellcasting
 + Level 4.9 Invocations


You had one spell level left.
You knew the following spells:

 Your Spells              Type           Power      Damage    Failure   Level
a - Shock                 Conj/Air       100%       1d9       1%          1
b - Stone Arrow           Conj/Erth      100%       3d13      1%          3
c - Lee's Rapid Deconstr  Erth           36%        3d19*     4%          5
d - Petrify               Tmut/Erth      72%        N/A       1%          4
e - Passwall              Tmut/Erth      60%        N/A       1%          2
f - Sandblast             Erth           100%       2d20      1%          1
g - Ensorcelled Hibernat  Hex/Ice        100%       N/A       1%          2
h - Ozocubu's Armour      Ice            72%        N/A       1%          3
i - Sticky Flame          Conj/Fire      72%        2d9       1%          4
j - Iskenderun's Battles  Conj           72%        2d12      4%          5
Your spell library was empty.

Dungeon Overview and Level Annotations

Branches:
Dungeon (10/15)            Temple (1/1) D:4            Lair (1/6) D:8
    Orc (0/2) D:10          Sewer (visited)         Volcano (1/1)

Altars:
Ashenzari
Cheibriados
Dithmenos
Elyvilon
Fedhas
Gozag
Hepliaklqana
Kikubaaqudgha
Makhleb
Nemelex Xobeh
Okawaru
Qazlal
Ru
Sif Muna
Trog
Uskayaw
Vehumet
Wu Jian
Xom
Yredelemnul
Zin
The Shining One

Shops:
D:5 :


Innate Abilities, Weirdness & Mutations

You are immune to poison.
Your flesh is very heat resistant. (rF++)
You are vulnerable to cold. (rC-)
You float through the air rather than walking.
You learn spells naturally, not from books.
Your magical power is your life essence.
You have superior vitality. (+4 HP)


Message History

The salamander mystic completely resists.
The bolt of fire misses you.
Casting: Lee's Rapid Deconstruction (dangerous; 4% risk of failure)
Confirm with . or Enter, or press ? or * to list all spells.
Aiming: Lee's Rapid Deconstruction (dangerous; 4% risk of failure)
Press: ? - help, Dir - move target, f - salamander, p - salamander mystic Fragment what (e.g. wall or brittle monster)?: a salamander, wielding a +0 glaive (almost dead, fast)
An open door, spattered with blood.
The stone door frame shatters!
The blast of rock fragments hits the salamander!!
You kill the salamander!
Cheibriados thoroughly appreciates the change of pace.
The blast of rock fragments hits the salamander mystic.
The salamander mystic is heavily wounded.
The blast of rock fragments hits the hell knight!
The hell knight is almost dead.
The blast of rock fragments hits the salamander!!
The salamander is heavily wounded.
* * * LOW HITPOINT WARNING * * *
The salamander mystic gestures at you while chanting.
The bolt of magma hits you!! You partially resist.
* * * LOW HITPOINT WARNING * * *
You feel better.
You are confused.
You feel invigorated. The fire bat bites you.
* * * LOW HITPOINT WARNING * * *
You are engulfed in flames.
You resist.
* * * LOW HITPOINT WARNING * * *
The hell knight points at you and mumbles some strange words.
The bolt of fire hits the salamander mystic.
The salamander mystic completely resists.
The bolt of fire hits you. You resist.
* * * LOW HITPOINT WARNING * * *
You hit the salamander mystic.
Lightning courses through the salamander mystic!
The salamander mystic is almost dead.
The fire bat bites you but does no damage.
The salamander mystic points at you and mumbles some strange words.
The lance of force hits you!
You die...

. # .. ###.## ..#
.§..#.### ..#
§§≈.....### ..#
≈§≈≈.....8###..#
≈§≈≈≈...b@N.pN∩#
≈§≈≈.....8###..#
≈≈≈≈≈≈..### ..#
≈≈≈≈≈≈..## ..#
≈≈≈≈°≈§§≈≈≈≈≈§§.####
..#
≈§≈≈≈≈≈≈≈§≈§§§§..#.#
..
§§§≈≈≈≈§§§§§≈≈§≈...#
.
§§§≈°≈≈≈≈≈≈≈≈§≈§...#
§§§○≈≈≈≈≈§§≈≈§.....#


You could see a hell knight (fast), a salamander mystic, a salamander and a fire
bat.

Vanquished Creatures
  3 salamanders (Volcano)
  A hornet (D:10)
  Grinder (D:3)
  5 fire bats (Volcano)
  Eustachio (D:6)
  15 yaks
  4 vampire mosquitoes (D:8)
  Edmund (D:6)
  Menkaure (D:4)
  2 acid dragons
  3 water moccasins
  Duvessa (D:7)
  3 ice beasts (D:7)
  3 orc warriors
  2 sky beasts
  2 black bears
  A hornet zombie (D:8)
  4 ogres
  3 necrophages (D:5)
  A phantom (D:5)
  6 bullfrogs
  A gnoll sergeant (D:9)
  A water moccasin zombie (D:5)
  Dowan (D:7)
  2 water moccasin skeletons (D:4)
  4 killer bees (D:9)
  8 wights
  An electric eel (Lair:1)
  7 lava snakes
  2 centaur zombies (D:10)
  3 bullfrog zombies
  3 hounds
  A gnoll shaman (D:10)
  8 orc priests
  2 jellies (D:4)
  Jessica (D:2)
  Terence (D:2)
  8 orc wizards
  A hound skeleton (D:4)
  2 howler monkey zombies
  Robin (D:2)
  2 howler monkey skeletons
  8 gnolls
  4 river rats
  11 adders
  An ufetubus (D:4)
  3 worms
  2 dart slugs
  37 orcs
  5 ball pythons
  9 endoplasms
  5 giant cockroaches
  10 goblins
  13 hobgoblins
  7 kobolds
  2 quokkas
  4 bats
  8 frilled lizards
  20 rats
272 creatures vanquished.

Vanquished Creatures (others)
  An orc wizard (D:9)
  2 plants
3 creatures vanquished.

Grand Total: 275 creatures vanquished

Notes
Turn   | Place    | Note
-------+----------+-------------------------------------------
     0 | D:1      | night the Djinni Earth Elementalist began the quest for the
                  | Orb.
     0 | D:1      | Reached XP level 1. HP: 15/15 MP: 0/0
   181 | D:1      | Reached skill level 1 in Fighting
   181 | D:1      | Reached XP level 2. HP: 21/22 MP: 0/0
   993 | D:2      | Reached XP level 3. HP: 8/27 MP: 0/0
   993 | D:2      | Learned a level 1 spell: Shock
  1266 | D:2      | Reached skill level 2 in Fighting
  1719 | D:2      | Reached XP level 4. HP: 26/34 MP: 0/0
  1848 | D:2      | Noticed Jessica
  1850 | D:2      | Noticed Robin
  1851 | D:2      | Killed Jessica
  1855 | D:2      | Killed Robin
  1856 | D:2      | Reached skill level 3 in Fighting
  2149 | D:2      | Reached XP level 5. HP: 38/40 MP: 0/0
  2149 | D:2      | Learned a level 2 spell: Ensorcelled Hibernation
  2150 | D:2      | Noticed Terence
  2164 | D:2      | Killed Terence
  2361 | D:2      | Noticed a black bear
  2366 | D:2      | Killed a black bear
  2367 | D:2      | Reached XP level 6. HP: 38/47 MP: 0/0
  2694 | D:3      | Reached skill level 4 in Fighting
  3101 | D:3      | Found a glowing drain.
  3122 | Sewer    | Entered a sewer
  3726 | D:3      | Found a blossoming altar of Fedhas.
  3751 | D:3      | Noticed Grinder
  3758 | D:3      | Killed Grinder
  3759 | D:3      | Reached skill level 5 in Fighting
  3759 | D:3      | Reached skill level 5 in Spellcasting
  3759 | D:3      | Reached XP level 7. HP: 43/54 MP: 0/0
  3759 | D:3      | Learned a level 3 spell: Ozocubu's Armour
  4231 | D:4      | Noticed Menkaure
  4238 | D:4      | Killed Menkaure
  4408 | D:4      | Reached skill level 6 in Fighting
  4408 | D:4      | Reached XP level 8. HP: 52/61 MP: 0/0
  4713 | D:4      | Found a staircase to the Ecumenical Temple.
  4754 | Temple   | Entered the Ecumenical Temple
  4806 | Temple   | Became a worshipper of Cheibriados the Contemplative
  5000 | D:5      | Entered Level 5 of the Dungeon
  5241 | D:5      | Reached skill level 7 in Fighting
  5882 | D:5      | Reached XP level 9. HP: 64/70 MP: 0/0
  5882 | D:5      | Learned a level 4 spell: Sticky Flame
  6001 | D:5      | Reached skill level 8 in Fighting
  6287 | D:5      | Found Kacu Kur's Book Boutique.
  6503 | D:6      | Found an iron altar of Okawaru.
  6721 | D:6      | Noticed Edmund
  6730 | D:6      | Killed Edmund
  6730 | D:6      | Reached * piety under Cheibriados
  7365 | D:6      | Identified the ring "Magij" {*Corrode rElec Will+ Int+3
                  | Stlth+}
  7371 | D:6      | Noticed Eustachio
  7377 | D:6      | Killed Eustachio
  7702 | D:7      | Noticed Dowan
  7703 | D:7      | Noticed Duvessa
  7711 | D:7      | Killed Duvessa
  7712 | D:7      | Reached skill level 9 in Fighting
  7766 | D:7      | Killed Dowan
  7888 | D:7      | Found a shadowy altar of Dithmenos.
  7889 | D:7      | Found a sparkling altar of Nemelex Xobeh.
  7891 | D:7      | Found a basalt altar of Yredelemnul.
  7892 | D:7      | Found a bloodstained altar of Trog.
  9085 | D:8      | Reached XP level 10. HP: 67/79 MP: 0/0
  9087 | D:8      | Reached ** piety under Cheibriados
  9165 | D:8      | Found a staircase to the Lair.
  9365 | D:8      | Reached skill level 10 in Fighting
  9365 | D:8      | Reached skill level 1 in Invocations
  9370 | D:8      | Upgraded the game from 0.27-a0-797-g27d10ad80f to
                  | 0.27-a0-808-g60bc5d92e6
  9646 | D:8      | Found a stormy altar of Qazlal.
  9934 | D:8      | Reached skill level 2 in Invocations
 10283 | D:9      | Reached *** piety under Cheibriados
 10812 | D:9      | HP: 7/81 [yak (8)]
 11970 | D:10     | Entered Level 10 of the Dungeon
 12079 | D:10     | Reached **** piety under Cheibriados
 12085 | D:10     | HP: 4/81 [orc priest/divine providence (9)]
 12521 | D:10     | Found a staircase to the Orcish Mines.
 12734 | D:10     | Reached skill level 11 in Fighting
 12738 | D:10     | Reached XP level 11. HP: 60/87 MP: 0/0
 12738 | D:10     | Learned a level 5 spell: Iskenderun's Battlesphere
 12741 | D:10     | Reached skill level 10 in Spellcasting
 13856 | Lair:1   | Entered Level 1 of the Lair of Beasts
 13890 | Lair:1   | HP: 11/87 [yak (5)]
 14107 | Lair:1   | Found a dark tunnel.
 14115 | Volcano  | Entered a volcano
 14405 | Volcano  | Noticed a salamander
 14405 | Volcano  | Noticed a salamander
 14409 | Volcano  | Killed a salamander
 14410 | Volcano  | Killed a salamander
 14411 | Volcano  | Noticed a hell knight
 14411 | Volcano  | Noticed a salamander
 14411 | Volcano  | Noticed a salamander mystic
 14422 | Volcano  | Noticed a salamander
 14427 | Volcano  | Killed a salamander
 14427 | Volcano  | HP: 6/89 [salamander mystic/bolt of magma (19)]
 14430 | Volcano  | Killed from afar by a salamander mystic

Illustrated notes

Levels and vault maps discovered:
D:1:      lemuel_arrival_cross, layout_basic
D:2:      layout_basic, uniq_terence, uniq_robin, uniq_jessica
D:3:      layout_rooms, lemuel_coloured_pillars_altar, portal_sewer_entry_b,
          serial_bayou_crossing, uniq_grinder
D:4:      layout_cave_pools, temple_doors_e, serial_forest,
          infiniplex_forest_clump_diagonal, infiniplex_forest_clump_small,
          infiniplex_forest_clump_large, infiniplex_forest_lined_corner,
          infiniplex_forest_end_3, infiniplex_forest_clump_small,
          minmay_fractal_squares_gapless_5, uniq_menkaure
D:5:      layout_cave_pools, serial_shops, kennysheep_mini_moat
D:6:      layout_cave_pools, lemuel_altar_in_water, uniq_edmund, uniq_eustachio
D:7:      layout_layer_cave, grunt_temple_overflow_open,
          kennysheep_small_circle, uniq_duvessa
D:8:      layout_basic, kennysheep_little_box, lair_entry_dummy,
          chequers_decorated_corner
D:9:      layout_roguey, kennysheep_cluttered_room, nicolae_zen_rock_garden
D:10:     layout_irregular_city, hiddenorc1_lemuel
Temple:   cyrus_circular_temple
Lair:1:   layout_gridlike, nicolae_volcano_entry_lava_flow,
          minmay_lair_oklob_bushes, fungi_pond_lemuel,
          hangedman_lair_generics_rect, uniq_gastronok
Volcano:  volcano_grotto [vgs_dualism]

Skill      XL: |  1  2  3  4  5  6  7  8  9 10 11 |
---------------+----------------------------------+-----
Fighting       | 1 2 3 5 6 7 9 11 | 11.9
Spellcasting   | 3 4 5 7 8 9 10 | 10.6
Invocations    | 3 4 |  4.9
Dodging        | |  2.1
Stealth        | |  1.5

Action                   |  1- 3 |  4- 6 |  7- 9 | 10-12 || total
-------------------------+-------+-------+-------+-------++-------
Melee: Dagger            |    20 |    12 |     7 |     1 ||    40
       Flail             |       |       |     2 |    31 ||    33
       Long sword        |       |       |       |    17 ||    17
 Fire: Hunting sling     |       |       |       |     2 ||     2
 Cast: Sandblast         |    18 |       |       |       ||    18
       Shock             |    22 |    86 |    75 |    26 ||   209
       Stone Arrow       |       |     6 |    90 |    86 ||   182
       Ensorcelled Hiber |       |       |     6 |       ||     6
       Lee's Rapid Decon |       |       |     2 |    32 ||    34
       Ozocubu's Armour  |       |       |       |     1 ||     1
       Iskenderun's Batt |       |       |       |     2 ||     2
Invok: Slouch            |       |       |       |     3 ||     3
Evoke: Wand              |       |       |       |     2 ||     2
  Use: Scroll            |       |       |    10 |     4 ||    14
       Potion            |       |       |       |     8 ||     8
 Stab: Sleeping          |     2 |     1 |     1 |       ||     4
Armor: Robe              |     8 |     5 |     3 |       ||    16
       Scale mail        |       |       |     1 |    50 ||    51
Dodge: Dodged            |    18 |     9 |    13 |    76 ||   116
       Rpst.: Long sword |       |       |       |     7 ||     7

Table legend: (Time is in decaauts)
 A = Elapsed time spent in this place.
 B = Non-inter-level travel time spent in this place.
 C = Inter-level travel time spent in this place.
 D = Time resting spent in this place.
 E = Time spent auto-exploring this place.
 F = Levels seen in this place.
 G = Mean time per level.
                   A        B        C        D        E       F      G
               +--------+--------+--------+--------+--------+-----+--------+
         Total |  16638 |  16168 |    470 |   3756 |  10692 |  14 | 1188.4 |
       Dungeon |  15396 |  14937 |    459 |   3386 |  10182 |  10 | 1539.6 |
        Temple |     63 |     53 |     10 |      0 |     39 |   1 |   63.0 |
          Lair |    298 |    298 |      0 |    189 |      0 |   1 |  298.0 |
         Sewer |    522 |    522 |      0 |      0 |    430 |   1 |  522.0 |
       Volcano |    357 |    357 |      0 |    181 |     41 |   1 |  357.0 |
               +--------+--------+--------+--------+--------+-----+--------+

Top non-repeatable levels by time:
     D:9: 2605 daAuts
    D:10: 2065 daAuts
     D:7: 1796 daAuts
     D:2: 1726 daAuts
     D:5: 1666 daAuts
     D:6: 1432 daAuts
     D:8: 1351 daAuts
     D:4: 1144 daAuts
     D:1: 877 daAuts
     D:3: 731 daAuts
   Sewer: 522 daAuts
 Volcano: 357 daAuts
  Lair:1: 298 daAuts
  Temple: 63 daAuts
